 Dungeon Crawl Stone Soup version 0.23-a0-394-g6ce9549 (webtiles) character file.

10615 Dawnplanks the Cleaver (level 11, -4/101 HPs)
             Began as a Minotaur Berserker on Oct 31, 2018.
             Was a High Priest of Trog.
             Slain by a komodo dragon (24 damage)
             ... on level 1 of the Lair of Beasts.
             The game lasted 00:26:44 (9118 turns).

Dawnplanks the Cleaver (Minotaur Berserker)         Turns: 9118, Time: 00:26:45

Health: -4/101     AC: 16    Str: 25    XL:     11   Next: 38%
Magic:  10/10      EV: 10    Int:  4    God:    Trog [*****.]
Gold:   582        SH:  2    Dex: 10    Spells: 10/10 levels left

rFire    . . .     SeeInvis .   K - +0 hand axe (chop)
rCold    . . .     Gourm    .   (no shield)
rNeg     . . .     Faith    .   G - +0 plate armour
rPois    .         Spirit   .   q - +1 hat
rElec    .         Reflect  +   (no cloak)
rCorr    .         Harm     .   (no gloves)
MR       .....                  (no boots)
Stlth    ..........             I - +2 amulet of reflection
HPRegen  0.26/turn              g - +1 ring of slaying
MPRegen  0.12/turn              (no ring)

@: berserk cooldown, slowed, very slow
A: retaliatory headbutt, horns 2
a: Berserk, Trog's Hand, Brothers in Arms, Renounce Religion


You were on level 1 of the Lair of Beasts.
You worshipped Trog.
Trog was extremely pleased with you.
You were not hungry.

You visited 3 branches of the dungeon, and saw 12 of its levels.
You also visited: Ossuary.

You collected 652 gold pieces.
You spent 70 gold pieces at shops.

Inventory:

Hand Weapons
 K - a +0 hand axe of chopping (weapon)
Armour
 a - a +1 ring mail of fire resistance
 f - a +0 chain mail
 q - a +1 hat (worn)
 w - a +0 leather armour of poison resistance
 G - a +0 plate armour (worn)
 M - a +2 leather armour of cold resistance
Jewellery
 g - a +1 ring of slaying (left hand)
 s - an uncursed amulet of the acrobat
 I - a +2 amulet of reflection (around neck)
Wands
 h - a wand of flame (34)
 i - a wand of random effects (9)
 t - a wand of disintegration (15)
 H - a wand of enslavement (11)
 N - a wand of clouds (6)
Scrolls
 b - 10 scrolls of teleportation
 j - 8 scrolls of remove curse
 p - a scroll of enchant weapon
 r - a scroll of immolation
 v - 3 scrolls of fear
 y - 3 scrolls of vulnerability {unknown}
 C - 2 scrolls of enchant armour
 E - 2 scrolls of fog
 O - a scroll of blinking {unknown}
Potions
 d - a potion of flight {unknown}
 e - 5 potions of curing {unknown}
 k - a potion of berserk rage
 l - 2 potions of degeneration {unknown}
 n - 2 potions of heal wounds {unknown}
 o - 4 potions of mutation {unknown}
 u - 3 potions of brilliance {unknown}
 x - a potion of agility {unknown}
 z - a potion of lignification
 A - a potion of haste
 B - 2 potions of magic {unknown}
 D - a potion of might {unknown}
 F - a potion of resistance {unknown}
 J - 2 potions of cancellation {unknown}
Miscellaneous
 L - a lightning rod (4/4)
Comestibles
 c - 22 rations
 m - 6 chunks of flesh


   Skills:
 + Level 10.4 Fighting
 + Level 14.3 Axes
 + Level 11.0 Armour
 + Level 6.4 Dodging


You had 10 spell levels left.
You didn't know any spells.
Your spell library contained the following spells:

 Spells                   Type           Power        Failure   Level  Hunger
 Poisonous Vapours        Pois/Air       #.....       100%        2    ###....
 Conjure Flame            Conj/Fire      #.......     100%        3    ####...
 Mephitic Cloud           Conj/Pois/Air  #.......     100%        3    ####...
 Freezing Cloud           Conj/Ice/Air   #.........   100%        6    #######
 Ring of Flames           Chrm/Fire      #.........   100%        7    #######


Dungeon Overview and Level Annotations

Branches:
Dungeon (10/15)            Temple (1/1) D:5            Lair (1/6) D:8
    Orc: D:9-12

Altars:
Dithmenos
Elyvilon
Fedhas
Okawaru
Qazlal
Ru
Vehumet
Wu Jian
Xom
Zin
Beogh

Shops:
D:6 ?   D:7 :   D:9 =


Innate Abilities, Weirdness & Mutations

You reflexively headbutt those who attack you in melee.
You have a pair of horns on your head.


Message History

You headbutt the komodo dragon.
The komodo dragon is heavily wounded.
You block the komodo dragon's attack.
You hit the komodo dragon but do no damage.
You headbutt the komodo dragon.
The komodo dragon is heavily wounded.
The komodo dragon bites you!!
* * * LOW HITPOINT WARNING * * *
You closely miss the komodo dragon. Your headbutt misses the komodo dragon.
The komodo dragon is heavily wounded.
The komodo dragon bites you!
* * * LOW HITPOINT WARNING * * *
You hit the komodo dragon.
The komodo dragon is severely wounded.
The komodo dragon bites you but does no damage.
Your troll goes berserk!
You feel quite a bit more hungry.
The komodo dragon bites you but does no damage.
The komodo dragon bites you!!
You die...

♣♣..............
♣♣.............
♣♣...÷..........
♣....†###..####.
♣♣.....# #+P.#
♣.....## ..#
♣♣.T..# ..
≈≈♣♣.♣♣♣....#
≈.....l@....#
.≈....##....#
##.## #....#
#.......
.........
##########


You could see a komodo dragon and a friendly troll (berserk).

Vanquished Creatures
  The ghost of tuf08440 the Fighter, a novice DsGl of Okawaru (D:8)
  The ghost of Cryolive the Digger, a novice GrEE (D:6)
  3 hippogriffs
  A hornet (D:7)
  4 hogs (D:8)
  8 yaks (Lair:1)
  A wyvern (D:9)
  A human (D:8)
  3 wargs (D:8)
  3 water moccasins
  A porcupine (Lair:1)
  8 orc warriors
  4 sky beasts
  A black bear (D:10)
  A phantom (D:2)
  3 wolves (Lair:1)
  6 centaurs
  A crocodile (Lair:1)
  7 ogres
  3 bullfrogs
  A wyvern zombie (Ossuary)
  A water moccasin zombie (Ossuary)
  A scorpion (D:10)
  3 killer bees (D:7)
  The ghost of ARFLORD the Firebug, a weakling DsFE (D:3)
  4 electric eels (D:6)
  2 crimson imps
  4 howler monkeys
  3 bullfrog zombies
  2 centaur zombies
  4 hounds
  13 orc priests
  3 centaur skeletons
  3 jellies
  16 mummies (Ossuary)
  13 worker ants
  3 iguanas
  14 orc wizards
  2 killer bee zombies (Ossuary)
  2 hound zombies
  2 hound skeletons (D:5)
  A worker ant zombie (Ossuary)
  2 howler monkey zombies
  11 adders
  7 gnolls
  A howler monkey skeleton (D:2)
  2 shadow imps
  2 oozes (D:1)
  An adder zombie (Ossuary)
  An adder skeleton (D:6)
  4 worms
  3 dart slugs
  2 leopard geckos
  80 orcs
  A ball python (D:9)
  4 giant cockroaches
  12 goblins
  12 hobgoblins
  11 jackals
  14 kobolds
  4 quokkas
  11 bats
  7 frilled lizards
  A giant cockroach zombie (Ossuary)
  A jackal skeleton (D:4)
  A leopard gecko skeleton (D:5)
  A leopard gecko zombie (Ossuary)
  A quokka zombie (Ossuary)
  7 rats
  2 withered plants (Ossuary)
365 creatures vanquished.

Vanquished Creatures (collateral kills)
  A hungry ghost (D:8)
  An orc wizard (D:8)
  An iguana (D:8)
  A shadow imp (D:8)
  A quokka (D:8)
5 creatures vanquished.

Vanquished Creatures (others)
  A plant (D:6)
  A withered plant (Ossuary)
2 creatures vanquished.

Grand Total: 372 creatures vanquished

Notes
Turn   | Place    | Note
-------+----------+-------------------------------------------
     0 | D:1      | Dawnplanks the Minotaur Berserker began the quest for the
                  | Orb.
     0 | D:1      | Reached XP level 1. HP: 19/19 MP: 0/0
    48 | D:1      | Reached skill level 4 in Axes
    48 | D:1      | Reached XP level 2. HP: 26/27 MP: 1/1
   430 | D:1      | Reached XP level 3. HP: 31/33 MP: 2/2
   810 | D:2      | Reached ** piety under Trog
   828 | D:2      | Found a shimmering altar of Xom.
   963 | D:2      | Noticed a centaur
   963 | D:2      | Noticed a phantom
   980 | D:2      | Killed a centaur
   980 | D:2      | Reached skill level 5 in Axes
   980 | D:2      | Reached XP level 4. HP: 41/41 MP: 3/3
   980 | D:2      | Reached XP level 5. HP: 47/47 MP: 4/4
   983 | D:2      | Killed a phantom
   983 | D:2      | Reached skill level 6 in Axes
  1238 | D:3      | Noticed an ogre
  1246 | D:3      | Killed an ogre
  1246 | D:3      | Reached XP level 6. HP: 55/55 MP: 5/5
  1426 | D:3      | Reached skill level 7 in Axes
  1436 | D:3      | Reached skill level 5 in Fighting
  1496 | D:3      | Reached *** piety under Trog
  1580 | D:3      | Noticed ARFLORD's ghost (weakling DsFE)
  1581 | D:3      | Found a runed door.
  1637 | D:3      | Killed ARFLORD's ghost
  2048 | D:4      | Reached XP level 7. HP: 61/61 MP: 6/6
  2146 | D:4      | Reached skill level 8 in Axes
  2647 | D:4      | Reached skill level 5 in Armour
  2927 | D:4      | Found a radiant altar of Vehumet.
  3097 | D:5      | Entered Level 5 of the Dungeon
  3157 | D:5      | Reached **** piety under Trog
  3174 | D:5      | Reached skill level 9 in Axes
  3174 | D:5      | Reached XP level 8. HP: 46/70 MP: 7/7
  3305 | D:5      | Found a staircase to the Ecumenical Temple.
  3320 | Temple   | Entered the Ecumenical Temple
  3529 | D:5      | Found a stormy altar of Qazlal.
  3664 | D:5      | Found a white marble altar of Elyvilon.
  3708 | D:5      | Found a glowing silver altar of Zin.
  3880 | D:6      | Reached skill level 10 in Axes
  3986 | D:6      | Reached skill level 5 in Dodging
  4956 | D:6      | Found Bapedudo's Magic Scroll Boutique.
  4964 | D:6      | Bought a scroll of identify for 28 gold pieces
  4964 | D:6      | Bought a scroll of identify for 28 gold pieces
  4964 | D:6      | Bought a scroll of random uselessness for 14 gold pieces
  4977 | D:6      | Noticed a hippogriff
  4982 | D:6      | Killed a hippogriff
  4982 | D:6      | Reached XP level 9. HP: 78/78 MP: 8/8
  5058 | D:6      | Found a runed door.
  5059 | D:6      | Noticed Cryolive's ghost (novice GrEE)
  5133 | D:6      | Killed Cryolive's ghost
  5133 | D:6      | Reached skill level 11 in Axes
  5306 | D:6      | Found a shadowy altar of Dithmenos.
  5530 | D:7      | Reached ***** piety under Trog
  5689 | D:7      | Found a sand-covered staircase.
  5704 | Ossuary  | Entered an ossuary
  6080 | D:7      | Found Iqukie's Book Emporium.
  6095 | D:7      | Reached skill level 12 in Axes
  6308 | D:7      | Found an ornate altar of the Wu Jian Council.
  6332 | D:7      | Reached XP level 10. HP: 88/88 MP: 9/9
  6756 | D:7      | Found a blossoming altar of Fedhas.
  6890 | D:7      | Received a gift from Trog
  7164 | D:8      | Found a staircase to the Lair.
  7232 | D:8      | Found a runed door.
  7232 | D:8      | Noticed tuf08440's ghost (novice DsGl)
  7241 | D:8      | Killed tuf08440's ghost
  7241 | D:8      | Reached skill level 13 in Axes
  7499 | D:9      | Found a roughly hewn altar of Beogh.
  7581 | D:9      | Found a sacrificial altar of Ru.
  7645 | D:9      | Found Xydob's Jewellery Shop.
  7663 | D:9      | Reached skill level 10 in Armour
  7877 | D:9      | Reached XP level 11. HP: 97/97 MP: 10/10
  8067 | D:10     | Entered Level 10 of the Dungeon
  8395 | D:10     | Received a gift from Trog
  8516 | Lair:1   | Entered Level 1 of the Lair of Beasts
  8618 | Lair:1   | Reached skill level 10 in Fighting
  8889 | Lair:1   | Reached skill level 14 in Axes
  9118 | Lair:1   | Slain by a komodo dragon

Vault maps used:
D:1:      kennysheep_arrival_forest, chequers_arboretum
D:2:      xom_butterflies
D:3:      hellmonk_ghost_happy_afterlife, minmay_goblin_kobold_house
D:4:      vehumet_altar_wand_db
D:5:      lemuel_coloured_pillars_altar, overflow_temple_1_default,
          kennysheep_mini_moat, temple_fountains, first_ration
D:6:      nicolae_dithmenos_through_a_glass_darkly, gammafunk_ghost_grave,
          serial_bayou, serial_bayou_pond_d, serial_bayou_pond_e,
          serial_bayou_lake_a, serial_bayou_ford_a, serial_bayou_pond_d,
          serial_shops, shop, minivault_19, minmay_misc_feat_enclosed,
          chequers_serial_rivers_micro_d
D:7:      kennysheep_big_flooded_room, lemuel_crystal_altar, fedhas_altar_4,
          serial_co_window_serial, co_window_paths_a,
          co_window_of_opportunity_a, co_window_of_opportunity_a,
          co_window_corner_a, co_window_paths_a, co_window_corner_b,
          co_window_corner_b, co_window_paths_c, co_window_paths_c,
          glass_columns_a, glass_columns_b, glass_columns_a, serial_shops,
          nicolae_shop_statue_plus, enter_ossuary_1
D:8:      erik_lair_orcish_takeover, ebering_ghost_reflecting_pool,
          grunt_livestock
D:9:      nicolae_ru_great_annihilating_truth, special_room, serial_shops, shop,
          lemuel_another_geyser
Temple:   dshaligram_water_room_temple
Lair:1:   guppyfry_lair_drakes, grunt_megastairs_2
Ossuary:  ossuary_zaba_flooded

Skill      XL: |  1  2  3  4  5  6  7  8  9 10 11 |
---------------+----------------------------------+-----
Axes           | 4 5 6 7 9 10 12 13 14 | 14.3
Fighting       | 4 5 6 8 9 10 | 10.4
Armour         | 3 4 5 6 8 10 11 | 11.0
Dodging        | 3 4 5 6 |  6.4

Action                   |  1- 3 |  4- 6 |  7- 9 | 10-12 || total
-------------------------+-------+-------+-------+-------++-------
Melee: Hand axe          |    85 |   128 |   453 |   345 ||  1011
       Headbutt          |    13 |    16 |   113 |    73 ||   215
Invok: Berserk           |     1 |     3 |    11 |     6 ||    21
       Trog's Hand       |     1 |     1 |     5 |     1 ||     8
       Brothers in Arms  |       |       |       |     3 ||     3
  Use: Scroll            |       |       |    11 |     1 ||    12
 Stab: Invisible         |       |       |       |     1 ||     1
       Paralysed         |       |       |       |     1 ||     1
  Eat: Chunk             |       |     7 |    20 |    13 ||    40
       Ration            |       |       |     2 |     1 ||     3
Armor: Animal skin       |     9 |       |       |       ||     9
       Chain mail        |    40 |     5 |    42 |       ||    87
       Ring mail         |       |    25 |    68 |       ||    93
       Plate armour      |       |       |     2 |   129 ||   131
Dodge: Dodged            |    47 |    70 |   184 |   134 ||   435
Block: Other             |       |       |       |    11 ||    11

Table legend:
 A = Non-vault XP
 B = Vault XP
 C = Vault XP percentage of total XP
 D = Non-vault monster count
 E = Vault monster count
 F = Vault count percentage of total count
                 A         B        C        D         E       F
            +---------+---------+-------+---------+---------+-------
      Total |   10627 |    4538 |  29.9 |     280 |      88 |  23.9
            +---------+---------+-------+---------+---------+-------
        D:1 |      52 |       0 |   0.0 |      25 |       0 |   0.0
        D:2 |     306 |       0 |   0.0 |      25 |       0 |   0.0
        D:3 |     270 |      66 |  19.6 |      27 |      10 |  27.0
        D:4 |     694 |       2 |   0.3 |      33 |       1 |   2.9
        D:5 |     435 |       0 |   0.0 |      20 |       0 |   0.0
        D:6 |    1403 |     470 |  25.1 |      35 |       1 |   2.8
        D:7 |    1257 |     316 |  20.1 |      30 |       2 |   6.2
        D:8 |     886 |    2015 |  69.5 |      20 |      13 |  39.4
        D:9 |    1592 |     671 |  29.7 |      29 |      31 |  51.7
       D:10 |    1083 |       0 |   0.0 |      21 |       0 |   0.0
     Lair:1 |    2649 |     145 |   5.2 |      15 |       1 |   6.2
    Ossuary |       0 |     853 | 100.0 |       0 |      29 | 100.0
            +---------+---------+-------+---------+---------+-------
